 Dungeon Crawl Stone Soup version 0.26-a0-612-gd4d190f45e (webtiles) character file.

Game seed: 17765166471181749340

841057 Hores the Ruinous (level 27, -29/174 HPs)
             Began as a Gargoyle Earth Elementalist on Sept 6, 2020.
             Was the Champion of Vehumet.
             Killed by the air
             ... invoked by a titan
              (32 damage)
             ... on level 27 of a ziggurat on Sept 8, 2020.
             The game lasted 05:42:03 (72112 turns).

Hores the Ruinous (Gargoyle Earth Elementalist)    Turns: 72112, Time: 05:42:04

Health: -29/174    AC: 41    Str: 15    XL:     27
Magic:  39/47      EV: 25    Int: 46    God:    Vehumet [******]
Gold:   6597       SH: 14    Dex: 19    Spells: 5/67 levels left

rFire    + + +     SeeInvis +   Q - +9 demon whip (drain)
rCold    + + .     Faith    .   X - +3 warlock's mirror {reflect}
rNeg     + + .     Spirit   .   I - +4 robe of Augmentation {Str+4 Int+4 Dex+4}
rPois    ∞         Reflect  +   i - +2 helmet "Katse" {+Blink Slay+5}
rElec    +         Harm     .   H - +2 cloak {rCorr}
rCorr    +                      A - +2 pair of gloves {Dex+3}
MR       ++...                  S - +2 pair of boots {Fly}
Stlth    ++........             g - amulet "Bex Fag" {Reflect Int+4 SH+5}
HPRegen  0.39/turn              f - ring of Rawoxej {rF++ rN+ Str-5}
MPRegen  0.30/turn              Z - ring of Music {*Slow rF+ Str+4 Int+9 SInv}

@: resistant, flying, slightly contaminated
A: big wings, fangs 1, rugged brown scales 1, agile 1, cold resistance 1, frail
1, negative energy resistance 1, electricity resistance, wild magic 1,
unbreathing, petrification resistance, rot immunity, AC +20
}: 5/15 runes: barnacled, slimy, silver, abyssal, gossamer
a: Stop Flying, Renounce Religion, Evoke Blink


You were on level 27 of a ziggurat.
You worshipped Vehumet.
Vehumet was exalted by your worship.
You visited 11 branches of the dungeon, and saw 53 of its levels.
You visited the Abyss 4 times.
You visited 1 ziggurat, and saw 27 of its levels.
You also visited: Gauntlet and Ice Cave.

You collected 14458 gold pieces.
You spent 7861 gold pieces at shops.

Inventory:

Hand Weapons
 y - a +0 vampiric eveningstar
 Q - a +9 demon whip of draining (weapon)
Missiles
 D - 9 throwing nets (quivered)
Armour
 i - the +2 helmet "Katse" (worn) {+Blink Slay+5}
   (You bought it in a shop on level 1 of the Shoals)

   It affects your accuracy and damage with ranged weapons and melee attacks
   (+5).
   It lets you blink.
 A - a +2 pair of gloves of dexterity (worn)
 H - a +2 cloak of preservation (worn)
 I - the +4 robe of Augmentation (worn) {Str+4 Int+4 Dex+4}
   (You found it on level 22 of a ziggurat)

   It affects your strength (+4).
   It affects your intelligence (+4).
   It affects your dexterity (+4).
 S - a +2 pair of boots of flying (worn)
 X - the +3 warlock's mirror (worn) {reflect}
   (You acquired it on level 1 of the Elven Halls)
Jewellery
 f - the ring of Rawoxej (left hand) {rF++ rN+ Str-5}
   (You found it on level 11 of a ziggurat)

   [ring of positive energy]

   It affects your strength (-5).
   It greatly protects you from fire.
   It protects you from negative energy.
 g - the amulet "Bex Fag" (around neck) {Reflect Int+4 SH+5}
   (You found it in a Gauntlet)

   [amulet of reflection]

   It shields you and reflects attacks.
   It affects your intelligence (+4).
   It affects your SH (+5).
 k - the ring "Gearabim" {rElec rC++ EV+4}
   (You found it on level 25 of a ziggurat)

   [ring of evasion]

   It affects your evasion (+4).
   It greatly protects you from cold.
   It insulates you from electricity.
 s - the amulet of Elitism {Regen+ Int+4}
   (You found it on level 16 of a ziggurat)

   [amulet of regeneration]

   It affects your intelligence (+4).
   It increases your rate of regeneration.
 N - an uncursed ring of wizardry
 T - the amulet "Apoogeb" {RegenMP rF++ Dex+4}
   (You found it on level 24 of a ziggurat)

   [amulet of magic regeneration]

   It increases your magic regeneration.
   It affects your dexterity (+4).
   It greatly protects you from fire.
 Z - the ring of Music (right hand) {*Slow rF+ Str+4 Int+9 SInv}
   (You found it in an ice cave)

   [ring of see invisible]

   It affects your strength (+4).
   It affects your intelligence (+9).
   It protects you from fire.
   It lets you see invisible.
   It may slow you when you take damage.
Wands
 a - a wand of disintegration (29)
 K - a wand of iceblast (69)
 P - a wand of digging (4)
 Y - a wand of acid (82)
Scrolls
 b - 3 scrolls of enchant armour
 d - 13 scrolls of enchant weapon
 e - 11 scrolls of amnesia
 j - 3 scrolls of fear
 q - 35 scrolls of remove curse
 x - 25 scrolls of teleportation
 z - 5 scrolls of identify
 C - 2 scrolls of summoning
 E - 11 scrolls of magic mapping
 G - 10 scrolls of blinking
 O - 6 scrolls of holy word
 W - 11 scrolls of fog
Potions
 c - 9 potions of haste
 h - 15 potions of stabbing
 l - 3 potions of might
 m - 7 potions of brilliance
 o - 20 potions of mutation
 p - 5 potions of berserk rage
 r - 3 potions of ambrosia
 u - 2 potions of resistance
 w - a potion of invisibility
 F - 4 potions of magic
 J - 15 potions of cancellation
 L - 10 potions of curing
Miscellaneous
 n - a box of beasts (3/3)
 v - a phantom mirror
 B - a lightning rod (4/4)
 R - a condenser vane (inert)
 U - a tin of tremorstones (2/3)


   Skills:
 + Level 23.2 Fighting
 - Level 14.0 Maces & Flails
 - Level 6.0 Armour
 - Level 15.0 Dodging
 - Level 2.1 Stealth
 - Level 4.0 Shields
 + Level 20.7 Spellcasting
 + Level 25.9 Conjurations
 * Level 5.8 Necromancy
 + Level 3.9 Transmutations
 - Level 22.0 Fire Magic
 - Level 20.1 Ice Magic
 - Level 22.0 Earth Magic
 - Level 10.0 Evocations


You had 5 spell levels left.
You knew the following spells:

 Your Spells              Type           Power        Failure   Level
a - Shatter               Erth           ########..   2%          9
b - Stone Arrow           Conj/Erth      ######       1%          3
c - Lee's Rapid Deconstr  Erth           ########..   1%          5
d - Iron Shot             Conj/Erth      ########..   1%          6
e - Irradiate             Conj/Tmut      ########..   1%          5
f - Fire Storm            Conj/Fire      ########..   1%          9
g - Ignition              Fire           ########..   1%          8
h - Necromutation         Tmut/Necr      #######...   99%         8
i - Absolute Zero         Ice            ########..   4%          9

Your spell library contained the following spells:

 Spells                   Type           Power        Failure   Level
 Chain Lightning          Conj/Air       ########..   5%          8
 Tornado                  Air            ######....   100%        9
 Animate Skeleton         Necr           ######       1%          1
 Apportation              Tloc           ######       1%          1
 Beastly Appendage        Tmut           ######       1%          1
 Corona                   Hex            ######.      1%          1
 Foxfire                  Conj/Fire      ####         1%          1
 Freeze                   Ice            ####         1%          1
 Magic Dart               Conj           ####         1%          1
 Pain                     Necr           ####         1%          1
 Sandblast                Erth           ######       1%          1
 Shock                    Conj/Air       ####         1%          1
 Sting                    Tmut/Pois      ####         1%          1
 Summon Small Mammal      Summ           ####         1%          1
 Blink                    Tloc           N/A          1%          2
 Call Imp                 Summ           ######..     1%          2
 Corpse Rot               Necr/Air       N/A          1%          2
 Ensorcelled Hibernation  Hex/Ice        ######       1%          2
 Passwall                 Tmut/Erth      ########     1%          2
 Poisonous Vapours        Pois/Air       ######       1%          2
 Searing Ray              Conj           ######       1%          2
 Slow                     Hex            ######..     1%          2
 Swiftness                Air            ######..     1%          2
 Wereblood                Tmut           #######.     1%          2
 Conjure Flame            Conj/Fire      ########     1%          3
 Dazzling Flash           Conj/Hex       ######       1%          3
 Frozen Ramparts          Ice            ######       1%          3
 Ignite Poison            Fire/Tmut/Pois ########     1%          3
 Inner Flame              Hex/Fire       ########     1%          3
 Mephitic Cloud           Conj/Pois/Air  ########     1%          3
 Ozocubu's Armour         Ice            ########     1%          3
 Spider Form              Tmut/Pois      ######....   1%          3
 Static Discharge         Conj/Air       ########     1%          3
 Vampiric Draining        Necr           #######...   1%          3
 Airstrike                Air            ######....   1%          4
 Animate Dead             Necr           #######...   1%          4
 Dispel Undead            Necr           #######.     1%          4
 Fulminant Prism          Conj/Hex       ########..   1%          4
 Hailstorm                Conj/Ice       ########     1%          4
 Ice Form                 Ice/Tmut       ########     1%          4
 Iskenderun's Mystic Bla  Conj/Tloc      ########     1%          4
 Leda's Liquefaction      Hex/Erth       ########..   1%          4
 Olgreb's Toxic Radiance  Pois           ######..     1%          4
 Petrify                  Tmut/Erth      ########     1%          4
 Sticky Flame             Conj/Fire      ########     1%          4
 Summon Ice Beast         Ice/Summ       ########     1%          4
 Bolt of Magma            Conj/Fire/Erth ########..   1%          5
 Borgnjor's Vile Clutch   Necr/Erth      ########..   1%          5
 Fireball                 Conj/Fire      ########..   1%          5
 Iskenderun's Battlesphe  Conj           ########     1%          5
 Lightning Bolt           Conj/Air       ########..   1%          5
 Metabolic Englaciation   Hex/Ice        ########..   1%          5
 Call Canine Familiar     Summ           ######..     2%          3
 Confusing Touch          Hex            ######..     2%          3
 Gell's Gravitas          Tloc           ######....   2%          3
 Lesser Beckoning         Tloc           ######....   2%          3
 Portal Projectile        Hex/Tloc       ######       2%          3
 Summon Guardian Golem    Hex/Summ       ######..     2%          3
 Tukima's Dance           Hex            ######..     2%          3
 Agony                    Necr           #######.     2%          5
 Excruciating Wounds      Necr           #######...   2%          5
 Yara's Violent Unravell  Hex/Tmut       ######....   2%          5
 Blade Hands              Tmut           #######...   4%          5
 Cause Fear               Hex            ######....   6%          4
 Passage of Golubria      Tloc           N/A          6%          4
 Summon Lightning Spire   Summ/Air       ######..     6%          4
 Alistair's Intoxication  Tmut/Pois      ######...    8%          5
 Silence                  Hex/Air        ######....   16%         5
 Summon Demon             Summ           ######....   16%         5
 Summon Forest            Summ/Tloc      ######....   16%         5
 Summon Mana Viper        Hex/Summ       ######..     16%         5
 Conjure Ball Lightning   Conj/Air       ########..   1%          6
 Freezing Cloud           Conj/Ice/Air   ########..   1%          6
 Ozocubu's Refrigeration  Ice            ########..   1%          6
 Simulacrum               Ice/Necr       ########..   1%          6
 Starburst                Conj/Fire      ########..   1%          6
 Orb of Destruction       Conj           #########.   1%          7
 Spellforged Servitor     Conj/Summ      ########..   1%          7
 Lehudib's Crystal Spear  Conj/Erth      ########..   1%          8
 Death Channel            Necr           #######...   9%          6
 Hydra Form               Tmut           #######...   17%         6
 Eringya's Noxious Bog    Tmut/Pois      ######....   34%         6
 Dispersal                Tloc           ######....   61%         6
 Invisibility             Hex            ######..     61%         6
 Shadow Creatures         Summ           N/A          61%         6
 Dragon Form              Tmut           #######...   63%         7
 Haunt                    Necr/Summ      #######...   77%         7
 Borgnjor's Revivificati  Necr           #######...   96%         8
 Infestation              Necr           #######...   96%         8
 Malign Gateway           Summ/Tloc      ######....   98%         7
 Monstrous Menagerie      Summ           ######....   98%         7
 Summon Greater Demon     Summ           ######....   98%         7
 Summon Hydra             Summ           ######....   98%         7
 Discord                  Hex            ######....   100%        8
 Disjunction              Tloc           ######....   100%        8
 Summon Horrible Things   Summ           ######....   100%        8
 Death's Door             Necr           #######...   100%        9
 Dragon's Call            Summ           ######....   100%        9
 Sublimation of Blood     Necr           Unusable     N/A         2
 Statue Form              Tmut/Erth      Unusable     N/A         6

Dungeon Overview and Level Annotations

Branches:
Dungeon (15/15)            Temple (1/1) D:4            Lair (6/6) D:10
 Shoals (4/4) Lair:3       Spider (4/4) Lair:4        Slime (5/5) Lair:6
    Orc (2/2) D:11            Elf (3/3) Orc:2        Vaults (5/5) D:13
  Crypt (3/3) Vaults:3       Tomb (0/3) Crypt:3      Depths (5/5) D:15
    Zot (0/5) Depths:5      IceCv (visited)         Gauntlet (visited)

Altars:
Cheibriados
Dithmenos
Elyvilon
Fedhas
Gozag
Kikubaaqudgha
Okawaru
Qazlal
Ru
Trog
Uskayaw
Vehumet
Wu Jian
Xom
Yredelemnul
Zin
Beogh
Jiyva
Lugonu

Shops:
D:4 ?   D:5 }   D:6 (   D:13 *   Orc:2 *}(   Elf:1 **   Elf:3 }=   Shoals:1 [(
Shoals:4 *(   Vaults:1 :

Portals:
Hell: Depths:1 Depths:2 Depths:3 Depths:4 Depths:5
Abyss: Depths:2 Depths:4
Pandemonium: Depths:3

Annotations:
D:6 2 transporters, Murumi's ghost, novice OgFi
D:8 3 runed translucent doors, Peloso's ghost, novice MiFi
Shoals:1 1 runed translucent door, Ummian's ghost, adept MiFi
Elf:2 3 runed translucent doors
Crypt:2 1 runed translucent door, Etulorun's ghost, veteran MiBe


Innate Abilities, Weirdness & Mutations

You are resistant to torment.
Your stone body is resilient. (AC +20)
You are immune to poison.
Your large and strong wings let you fly indefinitely.
You resist negative energy. (rN+)
You are resistant to electric shocks. (rElec)
You can survive without breathing.
You are immune to petrification.
You are immune to rotting.
You have very sharp teeth.
You are partially covered in rugged brown scales. (AC +1, +3% HP)
You are agile. (Dex +2)
Your flesh is cold resistant. (rC+)
You are frail. (-10% HP)
Your spells are a little harder to cast, but a little more powerful.


Message History

You hear a bark!
You hear an angry hiss.
Press: ? - help, Dir - move target cursor
As you read the scroll of blinking, it crumbles to dust. 3 air elementals, 2 insubstantial wisps, a spriggan air mage, a titan, a shock serpent and 2 spark wasps come into view.
The titan shouts!
The spriggan air mage shouts!
The insubstantial wisp gives a chilling moan.
You hear an angry buzzing noise.
The raiju barks!
A vortex of raging winds appears around the air elemental!
The storm dragon breathes lightning at you.
The bolt of lightning hits the storm dragon.
The storm dragon completely resists.
The bolt of lightning hits the insubstantial wisp.
The insubstantial wisp completely resists.
Your +3 warlock's mirror {reflect} reflects the bolt of lightning!
The bolt of lightning misses the storm dragon.
The bolt of lightning hits the storm dragon.
The storm dragon completely resists.
The titan waves its arms in wide circles.
The air twists around and violently strikes you in flight!!
You die...

### §§# .##.....[▓▓
§§hES...v.h......)!▓▓
§88DS.h.DDy.....?::[▓▓
§§§S8vi8hDy.ECS.|[$|∩▓▓
§§iS.DhiCh.E...v=)![??▓
E§8§§Dv.DDDv.E..:}})∩▓
E§EC8i.y.Dv..i..:!}$▓
E§§§§S.i.8h.....@))▓
§#§§Eh...E##.....?▓▓
###§§..hh§###....▓▓ #
......E..##h..▓▓ .
.............▓
........§...▓
...........▓
▓▓▓▓▓▓▓▓▓▓▓▓


You could see an electric golem, a titan, 5 storm dragons, 2 spark wasps, a
shock serpent (wandering), a spriggan air mage (repels missiles), 4 raiju, 4 air
elementals and 3 insubstantial wisps.

Vanquished Creatures
  the Royal Jelly (Slime:5)
  Khufu (Crypt:3)
  4 ancient liches
  Mara (Shoals:4)
  Mennas (Crypt:2)
  5 juggernauts
  10 greater mummies
  A pandemonium lord (Zig:10)
  Margery (Depths:4)
  Frederick (Vaults:2)
  12 golden dragons
  3 profane servitors
  Arachne (Spider:2)
  4 bone dragons
  2 Brimstone Fiends (Zig:10)
  A Hell Sentinel (Zig:16)
  An Ice Fiend (Zig:10)
  11 tentacled monstrosities
  10 liches
  5 deep elf blademasters
  11 titans
  7 deep elf master archers
  3 quicksilver dragons
  Polyphemus (Shoals:3)
  21 acid blobs
  6 sphinxes
  7 ancient champions
  7 tentacled starspawn
  Agnes (Spider:3)
  Kirke (Lair:5)
  10 shadow dragons
  38 nagarajas
  12 tengu reavers
  6 storm dragons
  13 draconian monks
  14 fire giants
  3 revenants
  8 azure jellies
  23 frost giants
  13 draconian knights
  3 orc warlords
  4 iron dragons
  13 ghost moths
  16 vault wardens
  15 draconian shifters
  9 deep elf sorcerers
  A warmonger (Zig:10)
  15 draconian scorchers
  A corrupter (Zig:15)
  A juggernaut zombie (Zig:21)
  3 curse skulls
  5 deep elf elementalists
  11 ironheart preservers
  5 blood saints
  6 emperor scorpions
  5 ghouls
  2 caustic shrike zombies (Zig:21)
  A spriggan defender (Depths:3)
  24 draconian annihilators
  6 reapers
  5 war gargoyles (Zig:16)
  18 draconian stormcallers
  33 stone giants
  A caustic shrike skeleton (Zig:21)
  26 very ugly things
  16 vampire knights
  9 green draconians
  6 dire elephants (Lair:6)
  3 black draconians
  A lorocyproca (Zig:10)
  Nessos (D:15)
  21 deep elf annihilators
  7 entropy weavers
  10 white draconians
  13 purple draconians
  7 spark wasps
  4 red draconians
  8 yellow draconians
  9 deep elf demonologists
  A minotaur (Gauntlet)
  A spectral titan (Crypt:3)
  10 merfolk impalers
  11 merfolk javelineers
  18 fire dragons
  10 deep elf death magi
  9 death oozes
  16 ettins
  9 eidola
  23 great orbs of eyes
  14 jiangshi
  12 deep elf high priests
  10 mummy priests (Zig:21)
  A crystal guardian (Zig:9)
  23 yaktaur captains
  A great orb of eyes (shapeshifter) (Elf:3)
  3 quicksilver dragon zombies
  27 vault guards
  10 rakshasas
  7 hydras
  11 spriggan air magi
  6 naga warriors
  Harold (D:7)
  A catoblepas (Shoals:3)
  A quicksilver dragon skeleton (Crypt:1)
  6 merfolk avatars
  14 ice dragons
  13 centaur warriors
  2 alligator snapping turtles
  12 ogre magi
  34 dancing weapons
  4 death knights
  14 merfolk aquamancers
  7 anacondas
  29 two-headed ogres
  2 satyrs
  2 anacondas (shapeshifter)
  8 vampire magi
  An orc high priest (Elf:2)
  5 tengu warriors
  5 death yaks
  A death scarab (Zig:21)
  A hell hog (Zig:15)
  9 deep troll shamans
  8 deep troll earth magi
  11 naga sharpshooters
  8 thrashing horrors
  4 spriggan berserkers
  2 wretched stars (Zig:15)
  12 shock serpents
  2 soul eaters
  2 sun demons
  17 hell knights
  4 sixfirhies
  21 deep elf knights
  An iron troll (Depths:1)
  4 shadow wraiths
  A titan skeleton (Zig:21)
  7 salamander mystics
  26 skeletal warriors
  2 fire crabs (shapeshifter)
  2 death drakes (shapeshifter)
  A storm dragon skeleton (Zig:21)
  10 glowing orange brains
  29 sea snakes
  3 deep trolls (shapeshifter)
  A spriggan druid (Zig:4)
  8 spatial maelstroms
  6 wizards
  A ghost moth zombie (Crypt:3)
  An entropy weaver zombie (Vaults:2)
  A swamp dragon (shapeshifter) (Zig:20)
  2 orange crystal statues
  15 deep trolls
  A lindwurm (Lair:5)
  3 swamp dragons
  11 unseen horrors
  11 flayed ghosts
  19 deep elf archers
  A sphinx zombie (Zig:16)
  2 shadow demons (Abyss:3)
  3 obsidian statues
  An anaconda skeleton (Crypt:1)
  10 phantasmal warriors
  13 ironbrand convokers
  4 naga ritualists
  2 tengu zombies (Zig:16)
  A lindwurm (shapeshifter) (Vaults:1)
  15 harpies
  10 necromancers
  A wolf spider zombie (Abyss:3)
  34 wolf spiders
  A faun (shapeshifter) (Vaults:2)
  6 orc sorcerers
  An orb spider (shapeshifter) (Vaults:3)
  59 ugly things
  25 orb spiders
  9 orc knights
  A shining eye (shapeshifter) (Vaults:5)
  4 shining eyes
  3 moths of wrath
  A cyclops (shapeshifter) (Zig:20)
  4 mana vipers
  13 manticores
  A manticore (shapeshifter) (Zig:20)
  A wolf spider (shapeshifter) (Depths:4)
  2 worldbinders (Abyss:3)
  8 cyclopes
  82 slime creatures
  55 deep elf magi
  17 large abominations
  A salamander (shapeshifter) (Depths:4)
  3 salamanders
  12 fauns
  An elephant (shapeshifter) (Vaults:5)
  An apocalypse crab (Abyss:3)
  A moth of wrath (shapeshifter) (Depths:1)
  A stone giant skeleton (Vaults:2)
  8 merfolk sirens
  A spriggan zombie (Zig:16)
  A guardian serpent (shapeshifter) (Vaults:2)
  A rust devil (Zig:16)
  A black mamba (shapeshifter) (Depths:4)
  5 torpor snails
  9 guardian serpents
  14 elephants
  12 naga magi
  23 black mambas
  16 vault sentinels
  2 ice statues
  A toenail golem (Zig:15)
  5 gargoyles
  5 smoke demons
  16 water nymphs
  5 spectral swamp worms (Depths:5)
  An orange demon (Abyss:3)
  7 cane toads
  2 eyes of devastation
  A death yak zombie (Crypt:1)
  4 komodo dragons
  3 elf zombies
  2 hellions
  4 ice devils
  4 kobold demonologists
  6 rime drakes
  A rime drake (shapeshifter) (Elf:3)
  An efreet (Zig:15)
  11 freezing wraiths
  A minotaur zombie (Crypt:2)
  47 yaktaurs
  An elf skeleton (Zig:21)
  14 demonic crawlers
  A pale draconian skeleton (Crypt:2)
  10 guardian mummies (Zig:21)
  A queen bee (shapeshifter) (Vaults:4)
  8 tengu conjurers
  4 tormentors
  10 ancient zymes
  A red devil (Zig:16)
  10 trolls
  28 jumping spiders
  6 meliai
  A wind drake (shapeshifter) (Depths:4)
  A queen ant zombie (Crypt:1)
  2 trolls (shapeshifter)
  22 merfolk
  7 wind drakes
  2 stone giant simulacra
  A sphinx simulacrum (Vaults:2)
  11 hornets
  20 polar bears (IceCv)
  A bog body (Crypt:1)
  10 dream sheep
  A slime creature (shapeshifter) (Zig:20)
  2 ettin zombies
  10 raiju
  2 blink frogs (shapeshifter)
  9 hippogriffs
  A death drake skeleton (Crypt:1)
  16 snapping turtles
  24 blink frogs
  A dream sheep (shapeshifter) (Vaults:5)
  A fire giant simulacrum (Depths:2)
  A meliai zombie (D:11)
  58 flying skulls
  A frost giant simulacrum (Vaults:1)
  51 redbacks
  6 vampires
  A tarantella (shapeshifter) (Depths:1)
  A redback (shapeshifter) (Depths:1)
  A spriggan (shapeshifter) (Abyss:3)
  20 starcursed masses
  3 wyverns
  A wind drake zombie (Crypt:1)
  23 water elementals
  4 shadows
  17 wraiths
  2 humans (shapeshifter)
  4 air elementals
  2 ushabtiu
  28 yaks
  An ice dragon skeleton (Abyss:3)
  A wyvern (shapeshifter) (Depths:3)
  4 ynoxinuls
  2 spriggan skeletons
  3 fire elementals
  17 tarantellas
  2 basilisks
  2 fire bats (shapeshifter)
  A golden eye (shapeshifter) (Vaults:5)
  A basilisk (shapeshifter) (Abyss:3)
  4 fire bats (Lair:3)
  8 golden eyes
  4 hogs (Lair:5)
  A tyrant leech zombie (Crypt:1)
  3 chaos spawn (Abyss:3)
  A steam dragon (Lair:3)
  2 vampire mosquitoes
  A swamp worm (shapeshifter) (Elf:3)
  8 spatial vortices (Abyss:3)
  Menkaure (D:7)
  10 nagas
  4 wargs
  2 neqoxecs
  2 acid dragons
  An acid dragon (shapeshifter) (Depths:1)
  7 insubstantial wisps
  13 water moccasins
  A deep troll skeleton (Crypt:1)
  3 porcupines
  A hell hound (Abyss:3)
  A floating eye (shapeshifter) (Zig:20)
  50 orc warriors
  4 ice beasts
  3 sky beasts
  3 black bears
  5 floating eyes
  A sky beast (shapeshifter) (Vaults:5)
  An orc zombie (Vaults:2)
  A phantom (D:10)
  A swamp drake (Zig:18)
  2 human zombies (Vaults:2)
  33 ogres
  10 necrophages
  47 wolves
  8 eyes of draining
  33 centaurs
  6 boggarts
  7 crocodiles
  A blink frog skeleton (Crypt:2)
  A crocodile (shapeshifter) (Depths:3)
  A manticore skeleton (Crypt:2)
  3 big kobolds
  18 bullfrogs
  A gnoll sergeant (D:9)
  A bullfrog (shapeshifter) (Depths:1)
  6 earth elementals
  6 scorpions
  12 killer bees
  A human simulacrum (Vaults:2)
  17 wights
  A howler monkey (D:5)
  2 electric eels
  4 lava snakes (Lair:3)
  A crimson imp (Abyss:3)
  2 bullfrog zombies
  6 iron imps
  13 small abominations
  5 centaur zombies
  5 hounds
  7 centaur skeletons
  11 jellies
  3 quasits
  A bullfrog skeleton (D:10)
  13 orc priests
  Crazy Yiuf (D:3)
  Jessica (D:3)
  A basilisk skeleton (Crypt:2)
  2 iguanas
  Natasha (thrice) (D:3)
  28 orc wizards
  11 worker ants
  A killer bee zombie (D:5)
  3 tengu skeletons
  3 hound zombies
  25 mummies
  A hound skeleton (D:7)
  3 worker ant zombies
  7 adders
  5 gnolls
  2 shadow imps (D:9)
  2 white imps
  2 ufetubi
  An ooze (D:6)
  An adder skeleton (D:4)
  An adder zombie (D:6)
  2 worms
  A dart slug (D:2)
  3 leopard geckos
  81 orcs
  2 giant cockroaches (D:2)
  6 goblins
  4 hobgoblins
  2 jackals (D:5)
  14 kobolds
  7 quokkas
  2 ball pythons (D:5)
  7 bats
  3 frilled lizards
  A giant cockroach zombie (Crypt:1)
  A leopard gecko skeleton (D:5)
  A quokka zombie (Crypt:2)
  10 rats
  2 blocks of ice
  35 fire vortices
  A lurking horror (Abyss:3)
  2 starspawn tentacles (Abyss:3)
3140 creatures vanquished.

Vanquished Creatures (collateral kills)
  2 greater mummies
  2 liches
  2 tentacled monstrosities
  The ghost of Luemade the Covert, an adept DrBr of Ru (Elf:1)
  2 nagarajas
  An orc warlord (Zig:11)
  A war gargoyle (Zig:16)
  2 yaktaur captains (Vaults:5)
  A great orb of eyes (Slime:5)
  A death scarab (Zig:21)
  A skeletal warrior (Crypt:3)
  A demonic crawler (Zig:8)
  2 guardian mummies (Zig:21)
  A slime creature (Slime:5)
  An orc warrior (Zig:11)
  An orc priest (Vaults:5)
  An orc wizard (Zig:11)
  6 mummies (Zig:21)
29 creatures vanquished.

Vanquished Creatures (others)
  A vampire knight (Crypt:3)
  A spriggan air mage (Zig:27)
  An ogre mage (Vaults:4)
  2 skeletal warriors (Crypt:3)
  A shadow wraith (Vaults:4)
  A deep elf mage (Zig:22)
  A salamander (Zig:12)
  A small abomination (Abyss:3)
  An orc (Orc:1)
  2 kobolds (Depths:2)
  4 blocks of ice
  231 fire vortices
  40 fungi
  2 lurking horrors (Abyss:3)
  166 plants
  6 starspawn tentacles (Abyss:3)
  6 withered plants (D:9)
467 creatures vanquished.

Grand Total: 3636 creatures vanquished

Notes
Turn   | Place    | Note
-------+----------+-------------------------------------------
     0 | D:1      | Hores the Gargoyle Earth Elementalist began the quest for
                  | the Orb.
     0 | D:1      | Reached XP level 1. HP: 10/10 MP: 3/3
   476 | D:1      | Reached XP level 2. HP: 15/15 MP: 3/5
  1023 | D:2      | Reached XP level 3. HP: 7/19 MP: 2/7
  1028 | D:2      | Learned a level 3 spell: Stone Arrow
  1962 | D:3      | Noticed Jessica
  1970 | D:3      | Killed Jessica
  1970 | D:3      | Reached skill level 1 in Conjurations
  1970 | D:3      | Reached XP level 4. HP: 24/24 MP: 6/8
  2010 | D:3      | Noticed Natasha
  2015 | D:3      | Killed Natasha
  2018 | D:3      | Reached skill level 5 in Earth Magic
  2160 | D:3      | Found a runed translucent door.
  2161 | D:3      | Noticed Crazy Yiuf
  2166 | D:3      | Killed Crazy Yiuf
  2166 | D:3      | Reached skill level 2 in Conjurations
  2166 | D:3      | Reached XP level 5. HP: 28/28 MP: 2/10
  2224 | D:3      | Noticed Natasha
  2227 | D:3      | Killed Natasha
  2380 | D:3      | Noticed Natasha
  2387 | D:3      | Killed Natasha
  2518 | D:4      | Learned a level 5 spell: Lee's Rapid Deconstruction
  2529 | D:4      | Found a staircase to the Ecumenical Temple.
  2538 | Temple   | Entered the Ecumenical Temple
  2544 | Temple   | Became a worshipper of Vehumet
  2569 | D:4      | Noticed a centaur
  2692 | D:4      | Found a blossoming altar of Fedhas.
  2773 | D:4      | Killed a centaur
  2773 | D:4      | Reached skill level 3 in Conjurations
  2773 | D:4      | Reached XP level 6. HP: 11/32 MP: 8/11
  3208 | D:4      | Found a snail-covered altar of Cheibriados.
  3245 | D:4      | Found a bloodstained altar of Trog.
  3339 | D:4      | Found Wefaqocu's Magic Scroll Shoppe.
  3342 | D:4      | Bought a scroll of teleportation for 36 gold pieces
  3342 | D:4      | Bought a scroll of blinking for 90 gold pieces
  3342 | D:4      | Bought a scroll of summoning for 114 gold pieces
  3385 | D:4      | Reached XP level 7. HP: 32/36 MP: 13/13
  3750 | D:5      | Entered Level 5 of the Dungeon
  3801 | D:5      | Reached skill level 4 in Conjurations
  3835 | D:5      | Noticed a troll
  3841 | D:5      | HP: 1/36 [troll (5)]
  4293 | D:5      | Killed a troll
  4293 | D:5      | Reached skill level 5 in Spellcasting
  4320 | D:5      | Reached * piety under Vehumet
  4320 | D:5      | Offered knowledge of Magic Dart by Vehumet.
  4441 | D:5      | Reached skill level 5 in Conjurations
  4441 | D:5      | Reached XP level 8. HP: 33/41 MP: 15/15
  4565 | D:5      | Found Vaaklaeb's Gadget Shop.
  4638 | D:5      | Found a glowing silver altar of Zin.
  4882 | D:6      | Found Ehuy's Weapon Shop.
  5038 | D:6      | Found a sacrificial altar of Ru.
  5148 | D:6      | Reached skill level 6 in Conjurations
  5233 | D:6      | Noticed Murumi's ghost (novice OgFi)
  5234 | D:6      | Found a transporter.
  5236 | D:6      | Noticed a vampire
  5259 | D:6      | Found a transporter.
  5720 | D:7      | Found an iron altar of Okawaru.
  5818 | D:7      | Noticed Harold
  5834 | D:7      | Killed Harold
  5834 | D:7      | Reached skill level 1 in Fighting
  5834 | D:7      | Reached skill level 1 in Maces & Flails
  5834 | D:7      | Reached skill level 1 in Evocations
  5834 | D:7      | Reached XP level 9. HP: 46/48 MP: 12/18
  5856 | D:7      | Noticed Menkaure
  5861 | D:7      | Killed Menkaure
  5882 | D:7      | Offered knowledge of Shock by Vehumet.
  5940 | D:7      | Reached ** piety under Vehumet
  6091 | D:7      | Reached skill level 7 in Conjurations
  6515 | D:8      | Found a white marble altar of Elyvilon.
  6524 | D:8      | Reached XP level 10. HP: 56/56 MP: 19/19
  6658 | D:8      | Found a runed translucent gate.
  6666 | D:8      | Found a runed translucent gate.
  6667 | D:8      | Found a runed translucent gate.
  6667 | D:8      | Noticed Peloso's ghost (novice MiFi)
  6913 | D:9      | Found an ancient bone altar of Kikubaaqudgha.
  7089 | D:9      | Offered knowledge of Inner Flame by Vehumet.
  7591 | D:9      | Reached *** piety under Vehumet
  7669 | D:10     | Entered Level 10 of the Dungeon
  7834 | D:10     | Killed an unseen horror
  7834 | D:10     | Reached XP level 11. HP: 62/62 MP: 12/21
  7855 | D:10     | Reached skill level 8 in Conjurations
  8002 | D:10     | Offered knowledge of Olgreb's Toxic Radiance by Vehumet.
  8006 | D:10     | Reached skill level 5 in Armour
  8006 | D:10     | Reached skill level 10 in Earth Magic
  8044 | D:10     | Reached skill level 5 in Fighting
  8238 | D:10     | Found a staircase to the Lair.
  8283 | D:11     | Noticed a two-headed ogre
  8289 | D:11     | Killed a two-headed ogre
  8622 | D:11     | Reached **** piety under Vehumet
  8900 | D:11     | Offered knowledge of Dazzling Flash by Vehumet.
  8918 | D:11     | Reached skill level 5 in Maces & Flails
  9035 | D:11     | Found a staircase to the Orcish Mines.
  9543 | D:12     | Noticed a tengu warrior
  9550 | D:12     | Killed a tengu warrior
  9634 | D:12     | Noticed a brown ugly thing
  9640 | D:12     | Killed a brown ugly thing
  9734 | D:12     | Reached XP level 12. HP: 70/70 MP: 17/23
  9759 | D:12     | Got a crude mace
  9760 | D:12     | Identified the +9 mace of Eternal War {pain, rC+} (You
                  | found it on level 12 of the Dungeon)
  9984 | D:12     | Reached skill level 5 in Evocations
  9987 | D:12     | Reached skill level 5 in Dodging
 10105 | D:12     | Reached ***** piety under Vehumet
 10108 | D:12     | Noticed a tengu warrior
 10111 | D:12     | Killed a tengu warrior
 10111 | D:12     | Reached skill level 9 in Conjurations
 10154 | D:12     | Offered knowledge of Fireball by Vehumet.
 10167 | D:12     | Learned a level 5 spell: Fireball
 10220 | D:12     | Noticed a fire dragon
 10221 | D:12     | Noticed a sphinx
 10226 | D:12     | Found a runed translucent door.
 10228 | D:12     | Noticed a great orb of eyes
 10239 | D:12     | Killed a sphinx
 10239 | D:12     | Killed a great orb of eyes
 10239 | D:12     | Reached skill level 1 in Fire Magic
 10637 | D:12     | Got a glimmering short sword
 10638 | D:12     | Identified the +6 short sword "Atrixtehel" {freeze, SInv}
                  | (You found it on level 12 of the Dungeon)
 10863 | D:13     | Noticed a centaur warrior
 10874 | D:13     | Killed a centaur warrior
 11228 | D:13     | Noticed a centaur warrior
 11362 | D:13     | Found a stormy altar of Qazlal.
 11381 | D:13     | Reached XP level 13. HP: 76/76 MP: 16/25
 11598 | D:13     | Found a gate to the Vaults.
 11606 | D:13     | Identified a scroll of acquirement
 11606 | D:13     | Acquired 2130 gold pieces
 11910 | D:4      | Bought a scroll of summoning for 114 gold pieces
 11910 | D:4      | Bought a scroll of blinking for 90 gold pieces
 11910 | D:4      | Bought a scroll of identify for 24 gold pieces
 12167 | D:13     | Found Bywn's General Store.
 12175 | D:13     | Bought a scroll of identify for 28 gold pieces
 12285 | D:13     | Gained mutation: You have very sharp teeth. [potion of
                  | mutation]
 12285 | D:13     | Gained mutation: You have large cloven feet. [potion of
                  | mutation]
 12291 | D:13     | Reached skill level 5 in Fire Magic
 12913 | D:14     | Paralysed by a wizard for 5 turns
 12990 | D:14     | Reached skill level 10 in Conjurations
 13006 | D:14     | Offered knowledge of Freezing Cloud by Vehumet.
 13454 | D:14     | Gained mutation: Your large and strong wings let you fly
                  | indefinitely. [Gargoyle growth]
 13454 | D:14     | Reached XP level 14. HP: 76/84 MP: 6/27
 13711 | D:14     | Learned a level 5 spell: Irradiate
 14066 | Lair:1   | Entered Level 1 of the Lair of Beasts
 14572 | Lair:1   | Lost mutation: You have large cloven feet. [potion of
                  | mutation]
 14572 | Lair:1   | Lost mutation: You have very sharp teeth. [potion of
                  | mutation]
 14572 | Lair:1   | Gained mutation: Your flesh is cold resistant. (rC+)
                  | [potion of mutation]
 14572 | Lair:1   | Gained mutation: You are partially covered in rugged brown
                  | scales. (AC +1, +3% HP) [potion of mutation]
 14572 | Lair:1   | Gained mutation: Armour fits poorly on your strangely
                  | shaped body. [potion of mutation]
 14572 | Lair:1   | Gained mutation: You expend magic power (3 MP) to
                  | strengthen your wands. [potion of mutation]
 15102 | Lair:2   | Found a frozen archway.
 15117 | IceCv    | Entered an ice cave
 15596 | IceCv    | Lost mutation: Armour fits poorly on your strangely shaped
                  | body. [potion of mutation]
 15596 | IceCv    | Lost mutation: You expend magic power (3 MP) to strengthen
                  | your wands. [potion of mutation]
 15596 | IceCv    | Gained mutation: You are agile. (Dex +2) [potion of
                  | mutation]
 15596 | IceCv    | Gained mutation: Your spells are a little harder to cast,
                  | but a little more powerful. [potion of mutation]
 15596 | IceCv    | Gained mutation: You evolve. [potion of mutation]
 15623 | IceCv    | Offered knowledge of Yara's Violent Unravelling by Vehumet.
 15834 | IceCv    | Noticed a frost giant
 15842 | IceCv    | Killed a frost giant
 15918 | IceCv    | Got a smoking platinum ring
 15920 | IceCv    | Identified the ring of Music {*Slow rF+ Str+4 Int+9 SInv}
                  | (You found it in an ice cave)
 15954 | IceCv    | Got a clouded amber ring
 15956 | IceCv    | Identified the ring "Enukhler" {+Fly MR+ Int-3 Dex+5} (You
                  | found it in an ice cave)
 17111 | Lair:3   | Gained mutation: You have very sharp teeth. [evolution]
 17239 | Lair:3   | Found a staircase to the Shoals.
 18082 | Lair:4   | Reached XP level 15. HP: 90/92 MP: 28/28
 18133 | Lair:4   | Found a hole to the Spider Nest.
 18752 | Lair:5   | Got a twisted great mace
 18762 | Lair:5   | Reached skill level 11 in Conjurations
 18807 | Lair:5   | Found a gate leading to a gauntlet.
 18816 | Gauntlet | Entered a Gauntlet
 18816 | Gauntlet | Found a transporter.
 18869 | Gauntlet | Found a transporter.
 18870 | Gauntlet | Found a transporter.
 18870 | Gauntlet | Found a transporter.
 18881 | Gauntlet | Found a transporter.
 18882 | Gauntlet | Found a transporter.
 18882 | Gauntlet | Found a transporter.
 18890 | Gauntlet | Found a transporter.
 18893 | Gauntlet | Found a transporter.
 18894 | Gauntlet | Found a transporter.
 18902 | Gauntlet | Found a transporter.
 18905 | Gauntlet | Found a transporter.
 18906 | Gauntlet | Found a transporter.
 18918 | Gauntlet | Found a transporter.
 19024 | Gauntlet | Offered knowledge of Iron Shot by Vehumet.
 19089 | Gauntlet | Got a wavering platinum amulet
 19090 | Gauntlet | Identified the amulet "Bex Fag" {Reflect Int+4 SH+5} (You
                  | found it in a Gauntlet)
 19446 | Gauntlet | Reached skill level 10 in Spellcasting
 19474 | Gauntlet | Identified the +9 great mace of Nuurut {vorpal, rElec
                  | Dex+3} (You found it on level 5 of the Lair of Beasts)
 19482 | Gauntlet | Learned a level 6 spell: Iron Shot
 19922 | Lair:5   | Got a crystal morningstar
 19923 | Lair:5   | Identified the cursed +2 morningstar of Indomitability
                  | {protect, *Rage rN+ Int+3 Stlth+} (You found it on level 5
                  | of the Lair of Beasts)
 19948 | Lair:5   | Noticed Kirke
 19956 | Lair:5   | Killed Kirke
 20403 | Lair:5   | Lost mutation: You evolve. [evolution]
 20505 | Lair:6   | Entered Level 6 of the Lair of Beasts
 20754 | Lair:6   | Found a viscous altar of Jiyva.
 20754 | Lair:6   | Found a staircase to the Slime Pits.
 21572 | Lair:6   | Reached skill level 10 in Fighting
 22058 | Orc:1    | Entered Level 1 of the Orcish Mines
 22531 | Orc:2    | Entered Level 2 of the Orcish Mines
 22548 | Orc:2    | Reached ****** piety under Vehumet
 22550 | Orc:2    | Offered knowledge of Iskenderun's Battlesphere by Vehumet.
 22550 | Orc:2    | Reached XP level 16. HP: 32/99 MP: 27/30
 22841 | Orc:2    | Found a roughly hewn altar of Beogh.
 22921 | Orc:2    | Found a staircase to the Elven Halls.
 23180 | Orc:2    | Reached skill level 10 in Fire Magic
 23405 | Orc:2    | Found Toenwiur's Gadget Boutique.
 23405 | Orc:2    | Found Qamat's Assorted Antiques.
 23407 | Orc:2    | Found Vihoymp's Antique Weapon Emporium.
 23409 | Orc:2    | Found Feostre's Antique Weapon Shop.
 23418 | Orc:2    | Bought a scroll of immolation for 119 gold pieces
 23418 | Orc:2    | Bought a scroll labeled HITO GOECLY for 34 gold pieces
 23733 | D:15     | Entered Level 15 of the Dungeon
 24072 | D:15     | Identified the cursed +1 falchion "Tumnuj" {vorpal, rC-
                  | rN+++ Int-4 Dex+5}
 24406 | D:15     | Found a staircase to the Depths.
 24406 | D:15     | Noticed Nessos
 24409 | D:15     | Killed Nessos
 24887 | Spider:1 | Entered Level 1 of the Spider Nest
 25869 | Spider:2 | Noticed Arachne
 25995 | Spider:2 | Reached skill level 12 in Conjurations
 25998 | Spider:2 | Killed Arachne
 26274 | Spider:2 | Offered knowledge of Bolt of Magma by Vehumet.
 26274 | Spider:2 | Reached skill level 10 in Maces & Flails
 27007 | Spider:3 | Reached XP level 17. HP: 107/107 MP: 13/31
 27018 | Spider:3 | Noticed Agnes
 27023 | Spider:3 | Killed Agnes
 28530 | Spider:4 | Entered Level 4 of the Spider Nest
 28565 | Spider:4 | Offered knowledge of Spellforged Servitor by Vehumet.
 29230 | Shoals:1 | Entered Level 1 of the Shoals
 29496 | Shoals:1 | Found Ichuquc's Weapon Emporium.
 29506 | Shoals:1 | Found a runed translucent door.
 29524 | Shoals:1 | Found the +3 sling "Punk" {acid, rCorr}
 29533 | Shoals:1 | Noticed Ummian's ghost (adept MiFi)
 29870 | Shoals:1 | Found Exenan's Armour Boutique.
 29894 | Shoals:1 | Bought the +2 helmet "Katse" {+Blink Slay+5} for 643 gold
                  | pieces
 30375 | Shoals:1 | Found an opulent altar of Gozag.
 31042 | Shoals:2 | Offered knowledge of Lehudib's Crystal Spear by Vehumet.
 31042 | Shoals:2 | Offered knowledge of Chain Lightning by Vehumet.
 31042 | Shoals:2 | Offered knowledge of Tornado by Vehumet.
 31044 | Shoals:2 | Reached XP level 18. HP: 104/113 MP: 12/33
 32118 | Shoals:3 | Reached skill level 10 in Evocations
 32421 | Shoals:3 | Noticed Polyphemus
 32433 | Shoals:3 | Reached skill level 13 in Conjurations
 32434 | Shoals:3 | Killed Polyphemus
 33333 | Shoals:4 | Entered Level 4 of the Shoals
 33482 | Shoals:4 | Noticed Mara
 33489 | Shoals:4 | Killed Mara
 33582 | Shoals:4 | Found Widitrou's Weapon Shop.
 34045 | Shoals:4 | Cast into level 3 of the Abyss (merfolk impaler)
 34045 | Abyss:3  | Found a corrupted altar of Lugonu.
 34112 | Abyss:3  | Reached skill level 15 in Earth Magic
 34140 | Abyss:3  | Found a basalt altar of Yredelemnul.
 34186 | Abyss:3  | Noticed a bone dragon
 34200 | Abyss:3  | Killed a bone dragon
 34304 | Shoals:4 | Escaped the Abyss
 34529 | Shoals:4 | Reached XP level 19. HP: 96/119 MP: 18/34
 35029 | Shoals:4 | Found Kecwoaq's Weapon Emporium.
 35181 | Shoals:4 | Got a steaming granite ring
 35183 | Shoals:4 | Identified the ring of Sunlight {MP+9 Str-3 Int+2 Dex+2
                  | SInv} (You found it on level 4 of the Shoals)
 35280 | Shoals:4 | Found Ydanyon's Assorted Antiques.
 35288 | Shoals:4 | Bought a scroll of blinking for 210 gold pieces
 35288 | Shoals:4 | Bought a scroll of fog for 56 gold pieces
 35288 | Shoals:4 | Bought a potion of curing for 84 gold pieces
 35288 | Shoals:4 | Bought a scroll of summoning for 266 gold pieces
 35336 | Shoals:4 | Reached skill level 10 in Dodging
 35450 | Shoals:4 | Got a barnacled rune of Zot
 35968 | Elf:1    | Entered Level 1 of the Elven Halls
 35968 | Elf:1    | Found a runed translucent gate.
 35973 | Elf:1    | Found a runed translucent gate.
 35973 | Elf:1    | Found an opulent altar of Gozag.
 35974 | Elf:1    | Found a runed translucent gate.
 35976 | Elf:1    | Found Sios's Assorted Antiques.
 35976 | Elf:1    | Noticed Luemade's ghost (adept DrBr)
 35978 | Elf:1    | Found Resoumn's Assorted Antiques.
 35984 | Elf:1    | Cast into level 3 of the Abyss (Luemade's ghost)
 36102 | Abyss:3  | Got an abyssal rune of Zot
 36169 | Abyss:3  | Paralysed by a great orb of eyes for 6 turns
 36215 | Abyss:3  | Noticed a profane servitor
 36280 | Abyss:3  | Noticed a profane servitor
 36307 | Abyss:3  | Killed a profane servitor
 36353 | Elf:1    | Escaped the Abyss
 36482 | Elf:1    | Bought a potion of curing for 102 gold pieces
 36482 | Elf:1    | Bought a vibrating golden ring for 170 gold pieces
 36482 | Elf:1    | Bought a scroll of teleportation for 102 gold pieces
 36482 | Elf:1    | Bought a scroll of magic mapping for 119 gold pieces
 36482 | Elf:1    | Identified the ring of Velu {rPois Str-2 Int+6 Slay+2 SInv}
                  | (You bought it in a shop on level 1 of the Elven Halls)
 36496 | Elf:1    | Killed Luemade's ghost
 36733 | Elf:1    | Identified the Disquisition on Confrontation
 38139 | Elf:2    | Found a runed translucent gate.
 38139 | Elf:2    | Found a runed translucent gate.
 38140 | Elf:2    | Found a runed translucent gate.
 38155 | Elf:2    | Reached XP level 20. HP: 127/127 MP: 36/36
 38209 | Elf:3    | Entered Level 3 of the Elven Halls
 38354 | Elf:3    | Reached skill level 14 in Conjurations
 38431 | Elf:3    | Found Ishrihututo's Gadget Shoppe.
 38431 | Elf:3    | Found Ohob's Jewellery Shop.
 38432 | Elf:3    | Found Enicw's Jewellery Shop.
 39621 | Elf:3    | Cast into level 3 of the Abyss (a deep elf sorcerer)
 39635 | Elf:3    | Escaped the Abyss
 40495 | Elf:3    | Identified the +2 battleaxe of Patoczo {flame, Str+6}
 40495 | Elf:3    | Identified the ring of Jihaorgha {rF+ MR- Int-2 Dex+7 SInv}
 40507 | Elf:3    | Identified the ring "Takenir" {Dex+6 Slay+4}
 40509 | Elf:3    | Identified the amulet of Ru's Regard {Reflect Str+5 SH+5}
 40511 | Elf:3    | Reached skill level 15 in Fire Magic
 40544 | Elf:3    | Identified the ring of Bewnin {MP+9 Slay+3}
 40733 | Elf:3    | Identified a ring "Gasyel" {Ice rPois MR+ MP+9 Dex-2}
 40819 | Elf:3    | Cast into level 3 of the Abyss (a deep elf demonologist)
 41308 | Elf:3    | Escaped the Abyss
 41598 | Elf:3    | Identified the Guide on Shifting Sinister Secrets
 42055 | Spider:4 | Reached XP level 21. HP: 108/133 MP: 33/37
 42138 | Spider:4 | Got a gossamer rune of Zot
 42953 | Vaults:1 | Entered Level 1 of the Vaults
 42965 | Vaults:1 | Found Umesy's Book Emporium.
 45059 | Vaults:2 | Reached skill level 15 in Conjurations
 45061 | Vaults:2 | Noticed Frederick
 45066 | Vaults:2 | Killed Frederick
 45753 | Vaults:2 | Reached XP level 22. HP: 137/141 MP: 39/39
 46141 | Vaults:2 | Identified Sif Muna's Incunabulum of the Sixty-Six Teeth
 46823 | Vaults:3 | Found a staircase to the Crypt.
 47706 | Vaults:3 | Paralysed by a great orb of eyes for 3 turns
 48938 | Vaults:4 | Learned a level 8 spell: Lehudib's Crystal Spear
 49506 | Crypt:1  | Entered Level 1 of the Crypt
 50034 | Crypt:1  | Reached XP level 23. HP: 123/148 MP: 40/40
 50287 | Crypt:1  | Reached skill level 15 in Fighting
 50773 | Crypt:2  | Found a runed translucent door.
 50773 | Crypt:2  | Noticed Etulorun's ghost (veteran MiBe)
 50886 | Crypt:2  | Acquired a book of Annihilations
 50898 | Crypt:2  | Learned a level 9 spell: Fire Storm
 50913 | Crypt:2  | Learned a level 9 spell: Absolute Zero
 51249 | Crypt:2  | Noticed Mennas
 51293 | Crypt:2  | Killed Mennas
 51293 | Crypt:2  | Reached skill level 1 in Ice Magic
 51734 | Crypt:3  | Entered Level 3 of the Crypt
 51939 | Crypt:3  | Reached skill level 16 in Conjurations
 52158 | Crypt:3  | Found a basalt altar of Yredelemnul.
 52175 | Crypt:3  | Noticed Khufu
 52178 | Crypt:3  | Noticed a greater mummy
 52440 | Crypt:3  | Noticed a greater mummy
 52448 | Crypt:3  | Killed a greater mummy
 52449 | Crypt:3  | Killed Khufu
 52454 | Crypt:3  | Reached skill level 5 in Ice Magic
 52456 | Crypt:3  | Killed a greater mummy
 52683 | Crypt:3  | Reached XP level 24. HP: 111/155 MP: 33/41
 52698 | Crypt:3  | Found a staircase to the Tomb.
 52703 | Crypt:3  | Found the +12 Vampire's Tooth {vamp}
 53692 | Elf:1    | Bought 3 scrolls of acquirement for 5460 gold pieces
 53700 | Elf:1    | Acquired a book of Fire
 53712 | Elf:1    | Learned a level 8 spell: Ignition
 53720 | Elf:1    | Acquired the +3 warlock's mirror {reflect}
 53721 | Elf:1    | Found the +3 warlock's mirror {reflect}
 53723 | Elf:1    | Acquired 400 gold pieces
 54081 | Vaults:5 | Entered Level 5 of the Vaults
 54082 | Vaults:5 | Reached skill level 1 in Shields
 55570 | Vaults:5 | Identified the +6 lajatang "Qoinotot" {flame, *Noise Str+4
                  | Int+2}
 55628 | Vaults:5 | Reached XP level 25. HP: 80/161 MP: 13/41
 55835 | Vaults:5 | Identified the cursed +2 spear of Radicalism {pain, rPois
                  | rF- Dex+3 Stlth+}
 55854 | Vaults:5 | Got a silver rune of Zot
 55858 | Vaults:5 | Identified Kunocog's Catalogue of Ignition and the
                  | Mountains
 56358 | Vaults:5 | Reached skill level 17 in Conjurations
 57220 | D:15     | Acquired 1760 gold pieces
 57405 | Vaults:5 | Identified the ring of Uzei {*Slow rPois rN+ Str+6 Dex+3}
 57771 | Slime:1  | Entered Level 1 of the Pits of Slime
 57775 | Slime:1  | Reached skill level 15 in Spellcasting
 58310 | Slime:5  | Entered Level 5 of the Pits of Slime
 58313 | Slime:5  | Reached skill level 10 in Ice Magic
 58362 | Slime:5  | Noticed the Royal Jelly
 58367 | Slime:5  | Killed the Royal Jelly
 58891 | Slime:5  | Found the +8 longbow "Zephyr" {speed, Dex+3 SInv}
 58902 | Slime:5  | Identified the Disquisition on Evil
 58982 | Slime:5  | Identified the Volume of Mutagenic Bewitchment
 59012 | Slime:5  | Got a slimy rune of Zot
 59370 | Depths:1 | Entered Level 1 of the Depths
 59751 | Depths:1 | Reached XP level 26. HP: 152/169 MP: 38/42
 59985 | Depths:1 | Found a gateway to a ziggurat.
 60279 | Depths:1 | Found a gateway to Hell.
 61745 | Depths:2 | Paralysed by a floating eye for 4 turns
 61760 | Depths:2 | Reached XP level 27. HP: 157/177 MP: 19/42
 61863 | Depths:2 | Found a corrupted altar of Lugonu.
 62353 | Depths:2 | Found a one-way gate to the infinite horrors of the Abyss.
 62732 | Depths:3 | Reached skill level 18 in Conjurations
 62964 | Depths:3 | Identified the ring "Goehuwur" {*Corrode rPois rF+ MR+}
 63440 | Depths:3 | Found a one-way gate leading to the halls of Pandemonium.
 63752 | Depths:3 | You are sucked into a shaft and drop 2 floors!
 63752 | Depths:5 | Entered Level 5 of the Depths
 63752 | Depths:5 | Noticed a juggernaut
 63755 | Depths:5 | Killed a juggernaut
 63801 | Depths:4 | Noticed Margery
 63807 | Depths:4 | Killed Margery
 65350 | Depths:4 | Found a hide-covered altar of Uskayaw.
 65351 | Depths:4 | Found a hide-covered altar of Uskayaw.
 65351 | Depths:4 | Found a shadowy altar of Dithmenos.
 65413 | Depths:4 | Noticed a juggernaut
 65417 | Depths:4 | Killed a juggernaut
 66405 | Depths:4 | Identified the +7 halberd of Moderation {speed, rPois}
 66612 | Depths:4 | Found the +3 crown of Dyrovepreva {rElec Int+2 SInv}
 67210 | Depths:5 | Upgraded the game from 0.26-a0-611-g354ed81502 to
                  | 0.26-a0-612-gd4d190f45e
 68424 | Depths:5 | Found a gate to the Realm of Zot.
 68775 | Zig:1    | Entered Level 1 of a ziggurat
 68795 | Zig:2    | Entered Level 2 of a ziggurat
 68816 | Zig:2    | Got a warped copper ring
 68824 | Zig:2    | Identified a ring of Buriz {Ice Int+3} (You found it on
                  | level 2 of a ziggurat)
 68830 | Zig:3    | Entered Level 3 of a ziggurat
 68993 | Zig:3    | Identified the Collected Works on Warped Cold
 69005 | Zig:4    | Entered Level 4 of a ziggurat
 69047 | Zig:4    | Got a scorched tin ring
 69048 | Zig:4    | Identified the ring of Qyurenuf {rC+ AC+4} (You found it on
                  | level 4 of a ziggurat)
 69063 | Zig:4    | Acquired 590 gold pieces
 69075 | Zig:5    | Entered Level 5 of a ziggurat
 69114 | Zig:6    | Entered Level 6 of a ziggurat
 69123 | Zig:6    | Reached skill level 19 in Conjurations
 69267 | Zig:6    | Identified Naeh Cuf's Grimoire of Icy Battle Magic
 69269 | Zig:6    | Identified Sif Muna's Guide on the Destructive Volcanoes
 69277 | Zig:7    | Entered Level 7 of a ziggurat
 69433 | Zig:8    | Entered Level 8 of a ziggurat
 69602 | Zig:9    | Entered Level 9 of a ziggurat
 69649 | Zig:9    | Identified the Papyrus of Supportive Translocation
 69653 | Zig:9    | Identified the +3 leather armour of Devotion {rF- Int+4}
                  | (You found it on level 9 of a ziggurat)
 69656 | Zig:10   | Entered Level 10 of a ziggurat
 69662 | Zig:10   | Noticed Obaalofe the pandemonium lord
 69664 | Zig:10   | Killed Obaalofe the pandemonium lord
 69664 | Zig:10   | Reached skill level 15 in Ice Magic
 69665 | Zig:10   | Reached skill level 15 in Dodging
 69856 | Zig:11   | Entered Level 11 of a ziggurat
 69859 | Zig:11   | Noticed a juggernaut
 69862 | Zig:11   | Noticed a juggernaut
 69863 | Zig:11   | Killed a juggernaut
 69866 | Zig:11   | Killed a juggernaut
 69869 | Zig:11   | Noticed a juggernaut
 69871 | Zig:11   | Killed a juggernaut
 69958 | Zig:11   | Got a coiled lapis lazuli ring
 69959 | Zig:11   | Identified the ring of Rawoxej {rF++ rN+ Str-5} (You found
                  | it on level 11 of a ziggurat)
 69961 | Zig:11   | Got a sparkling graven amulet
 69962 | Zig:11   | Identified the amulet of Milonir {Inacc MP-9 Dex+7} (You
                  | found it on level 11 of a ziggurat)
 69966 | Zig:11   | Identified the Tome of Flamy Toxins
 69978 | Zig:11   | Identified the +2 robe of a bailey {Harm} (You found it on
                  | level 11 of a ziggurat)
 69980 | Zig:12   | Entered Level 12 of a ziggurat
 70048 | Zig:13   | Entered Level 13 of a ziggurat
 70094 | Zig:13   | Acquired a book of the Tempests
 70106 | Zig:13   | Learned a level 9 spell: Shatter
 70112 | Zig:13   | Identified Sif Muna's Disquisition on Attacks
 70148 | Zig:14   | Entered Level 14 of a ziggurat
 70182 | Zig:14   | Got a steaming pewter ring
 70187 | Zig:14   | Identified Sif Muna's Incunabulum of Changing
 70200 | Zig:14   | Got a glittering golden ring
 70214 | Zig:14   | Identified the ring of Tefyrgh {rElec rC- rN+ Str+3} (You
                  | found it on level 14 of a ziggurat)
 70216 | Zig:14   | Identified the ring "Setay" {rF+ Int+3 Dex+2 Stlth-} (You
                  | found it on level 14 of a ziggurat)
 70220 | Zig:15   | Entered Level 15 of a ziggurat
 70241 | Zig:15   | Reached skill level 20 in Conjurations
 70257 | Zig:15   | Found the +7 mace of Variability {chain chaos}
 70354 | Zig:16   | Entered Level 16 of a ziggurat
 70389 | Zig:16   | Got a vibrating granite ring
 70390 | Zig:16   | Identified the ring "Basoikk" {Fire rPois MR+ Str+3 Slay-4}
                  | (You found it on level 16 of a ziggurat)
 70402 | Zig:16   | Got a bound copper amulet
 70403 | Zig:16   | Identified the amulet of Elitism {Regen+ Int+4} (You found
                  | it on level 16 of a ziggurat)
 70440 | Zig:17   | Entered Level 17 of a ziggurat
 70625 | Zig:18   | Entered Level 18 of a ziggurat
 70638 | Zig:18   | Reached skill level 21 in Conjurations
 70827 | Zig:18   | Identified the +5 morningstar "Veyb" {elec, +Rage rF+} (You
                  | found it on level 18 of a ziggurat)
 70837 | Zig:18   | Identified Dispater's Guide on Stones
 70848 | Zig:19   | Entered Level 19 of a ziggurat
 70852 | Zig:19   | Paralysed by a floating eye for 3 turns
 70857 | Zig:19   | Noticed an ancient lich
 70860 | Zig:19   | Killed an ancient lich
 70860 | Zig:19   | Noticed an ancient lich
 70861 | Zig:19   | Noticed an ancient lich
 70862 | Zig:19   | Killed an ancient lich
 70864 | Zig:19   | Killed an ancient lich
 70864 | Zig:19   | Reached skill level 22 in Conjurations
 71017 | Zig:20   | Entered Level 20 of a ziggurat
 71030 | Zig:20   | Noticed an ancient lich
 71033 | Zig:20   | Killed an ancient lich
 71040 | Zig:20   | Found the +7 Kryia's mail coat {PotionHeal*2 rC+}
 71041 | Zig:20   | Found the +9 sword of Zonguldrok {reap}
 71064 | Zig:20   | Identified the +0 buckler of Vuac {rC+ MR++} (You found it
                  | on level 20 of a ziggurat)
 71074 | Zig:20   | Got a pitted wooden ring
 71075 | Zig:20   | Identified the cursed ring of Desertification {rElec rC+
                  | Int+3 Slay-4} (You found it on level 20 of a ziggurat)
 71098 | Zig:21   | Entered Level 21 of a ziggurat
 71109 | Zig:21   | Noticed a greater mummy
 71111 | Zig:21   | Killed a greater mummy
 71113 | Zig:21   | Noticed a greater mummy
 71116 | Zig:21   | Killed a greater mummy
 71116 | Zig:21   | Noticed a greater mummy
 71116 | Zig:21   | Noticed a greater mummy
 71119 | Zig:21   | Killed a greater mummy
 71119 | Zig:21   | Killed a greater mummy
 71124 | Zig:21   | Noticed a greater mummy
 71125 | Zig:21   | Noticed a greater mummy
 71128 | Zig:21   | Killed a greater mummy
 71128 | Zig:21   | Reached skill level 23 in Conjurations
 71130 | Zig:21   | Killed a greater mummy
 71151 | Zig:21   | Noticed a greater mummy
 71152 | Zig:21   | Killed a greater mummy
 71321 | Zig:21   | Identified the +6 quarterstaff "Eracixti" {protect, rC+
                  | Str-3 Stlth+} (You found it on level 21 of a ziggurat)
 71323 | Zig:21   | Identified the Catalogue of Shifting Creation
 71334 | Zig:22   | Entered Level 22 of a ziggurat
 71389 | Zig:22   | Found the +4 robe of Augmentation {Str+4 Int+4 Dex+4}
 71393 | Zig:22   | Found the +6 Majin-Bo {vamp, MP+6 Int+6}
 71398 | Zig:22   | Identified the Guide on the Feathery Glacier
 71428 | Zig:22   | Reached skill level 24 in Conjurations
 71445 | Zig:22   | Identified the cursed +0 leather armour "Wethufu" {+Inv rN+
                  | rCorr Dex-4} (You found it on level 22 of a ziggurat)
 71448 | Zig:23   | Entered Level 23 of a ziggurat
 71789 | Zig:23   | Got a brightly glowing marble ring
 71790 | Zig:23   | Identified the ring "Russoi" {rF+ SInv} (You found it on
                  | level 23 of a ziggurat)
 71809 | Zig:23   | Identified the Almanac of Nocuous Stones
 71813 | Zig:24   | Entered Level 24 of a ziggurat
 71826 | Zig:24   | Reached skill level 25 in Conjurations
 71848 | Zig:24   | Got a slimy bone ring
 71849 | Zig:24   | Identified a ring "Buigiybaig" {Ice Str+6} (You found it on
                  | level 24 of a ziggurat)
 71889 | Zig:24   | Got a steaming iron amulet
 71890 | Zig:24   | Identified the amulet "Apoogeb" {RegenMP rF++ Dex+4} (You
                  | found it on level 24 of a ziggurat)
 71907 | Zig:24   | Learned a level 8 spell: Necromutation
 71967 | Zig:25   | Entered Level 25 of a ziggurat
 71983 | Zig:25   | Reached skill level 1 in Transmutations
 71983 | Zig:25   | Reached skill level 1 in Necromancy
 71987 | Zig:25   | Reached skill level 5 in Necromancy
 72005 | Zig:25   | Identified the cursed -5 pair of boots of Duty {Dex+3} (You
                  | found it on level 25 of a ziggurat)
 72014 | Zig:25   | Got a sparkling turquoise ring
 72017 | Zig:25   | Identified the ring "Gearabim" {rElec rC++ EV+4} (You found
                  | it on level 25 of a ziggurat)
 72036 | Zig:25   | Identified the +2 leather armour "Musiyw" {Str+4} (You
                  | found it on level 25 of a ziggurat)
 72049 | Zig:26   | Entered Level 26 of a ziggurat
 72057 | Zig:26   | Noticed a greater mummy
 72058 | Zig:26   | Noticed a greater mummy
 72059 | Zig:26   | Noticed a greater mummy
 72062 | Zig:26   | Noticed a greater mummy
 72062 | Zig:26   | Noticed a greater mummy
 72063 | Zig:26   | Killed a greater mummy
 72064 | Zig:26   | Killed a greater mummy
 72065 | Zig:26   | Killed a greater mummy
 72065 | Zig:26   | Noticed a greater mummy
 72066 | Zig:26   | Noticed a greater mummy
 72066 | Zig:26   | Gained mutation: You are frail. (-10% HP) [mutagenic glow]
 72067 | Zig:26   | Noticed a greater mummy
 72067 | Zig:26   | Noticed a greater mummy
 72067 | Zig:26   | Noticed a greater mummy
 72067 | Zig:26   | Noticed a greater mummy
 72068 | Zig:26   | Noticed a greater mummy
 72070 | Zig:26   | Noticed a greater mummy
 72070 | Zig:26   | Noticed a greater mummy
 72071 | Zig:26   | HP: 6/174 [greater mummy/divine providence (11)]
 72073 | Zig:26   | Noticed a greater mummy
 72073 | Zig:26   | Noticed a greater mummy
 72077 | Zig:27   | Entered Level 27 of a ziggurat
 72110 | Zig:27   | HP: 3/174 [spriggan air mage/the air (25)]
 72112 | Zig:27   | Killed from afar by a titan

Illustrated notes

Levels and vault maps discovered:
D:1:      eino_arrival_cavern_b, layout_basic
D:2:      minmay_wonky_spiral, layout_basic
D:3:      layout_rooms, uniq_jessica, uniq_natasha, uniq_crazy_yiuf_cottage
D:4:      layout_loops_ring, nicolae_overflow_hidden_temple, lemuel_round_altar,
          minmay_temple_entry_statues_pillars, serial_shops,
          nicolae_shop_behind_doors, hangedman_decor_slide_cut,
          wad_floor_pattern_2, fedhas_bush_and_centaur_altar
D:5:      layout_rooms, zin_academy, serial_shops, shop
D:6:      layout_basic, gammafunk_ghost_mausoleum, serial_shops, shop,
          chequers_garden, nicolae_ru_awakened_eye
D:7:      layout_cave_pools, old_standard_altar, corexii_corridor_pit,
          glass_columns_a, uniq_menkaure, uniq_harold
D:8:      layout_rooms, lemuel_crystal_altar, gammafunk_ghost_necromancy
D:9:      layout_loops_ring, kiku_gazebo_garden_becter
D:10:     layout_rooms, lair_entry_dummy
D:11:     layout_basic, erik_orc_2, serial_rivers, chequers_serial_rivers_marsh,
          chequers_serial_rivers_small_a, chequers_serial_rivers_room_b,
          chequers_serial_rivers_room_a, chequers_serial_rivers_micro_c,
          chequers_serial_rivers_small_3
D:12:     layout_loops_corners, minmay_st_funbox, minmay_checkerbox
D:13:     layout_loops_cross, erik_vaults_1, serial_shops, shop_statue,
          basic_altar, chequers_mini_garden, nrook_pool_corridor
D:14:     layout_long_grid, skrybe_limestone_x, kennysheep_windowed_goal
D:15:     grunt_enter_depths_magical_seal, layout_basic, minmay_misc_feat_tower,
          bh_walls_and_bars, uniq_nessos
Temple:   eino_temple_rhombus
Lair:1:   cheibrodos_lair_river_kwai, layout_hall_layers
Lair:2:   layout_regular_city, portal_ice_cave_rime, serial_forest,
          infiniplex_forest_straight_1, infiniplex_forest_lined_2,
          infiniplex_forest_end_2, infiniplex_forest_clump_C,
          infiniplex_forest_corner_1, infiniplex_forest_lined_room_2,
          infiniplex_forest_corner_1, infiniplex_forest_end_3,
          infiniplex_forest_end_2, grunt_forest_large_clearings,
          serial_bayou_shore_a
Lair:3:   layout_chaotic_city, minmay_shoals_entry_beasts
Lair:4:   layout_small_grid, spider_nest_entry_webs, serial_bayou_shore_b
Lair:5:   layout_roguey, gauntlet_entry_generic, uniq_kirke
Lair:6:   due_jungle_book, layout_loops_ring, slime_altar_1, lemuel_fruit_tree,
          infiniplex_staircase_pool_2
Shoals:1: cheibrodos_shoals_three_sisters, layout_shoals, serial_shops, shop,
          shop, ebering_ghost_reflecting_pool, lemuel_altar_in_water2
Shoals:2: cheibrodos_shoals_oceanic_diplomacy, layout_shoals
Shoals:3: layout_shoals, nicolae_shoals_water_shrine, uniq_polyphemus
Shoals:4: shoals_end_simple, layout_shoals, serial_shops, shop, shop,
          nicolae_shop_stone, uniq_mara
Spider:1: layout_spider_delve
Spider:2: layout_spider_delve, uniq_arachne
Spider:3: layout_chambers, uniq_agnes
Spider:4: grunt_spider_rune_island
Slime:1:  cheibrodos_slime_lost_civilization_2, layout_caves
Slime:2:  layout_caves
Slime:3:  cheibrodos_slime_lost_civilization_9, layout_caves
Slime:4:  layout_caves, nicolae_slime_welcoming_committee
Slime:5
Orc:1:    layout_caves
Orc:2:    st_orc_rangers, layout_diamond_mine, basic_altar
Elf:1:    layout_rooms, ebering_ghost_gozag, minmay_elf_annihilation
Elf:2:    layout_geoelf_diagonals, serial_corexii_hall,
          corexii_hall_statues_deadend, corexii_hall_statues_t, uniq_donald,
          uniq_jorgrun
Elf:3:    minmay_elf_hall_x, layout_geoelf_castle, minmay_shop_grove
Vaults:1: hangedman_vaults_cutoff, grunt_vaults_twisty, nicolae_vaults_big_ls,
          v_misc_9, nicolae_vaults_angled_halls, hangedman_vaults_hat,
          ontoclasm_vaults_gateway, vaults_room_stairs_pillars,
          layout_vaults_quadrants, serial_shops, shop
Vaults:2: ontoclasm_vaults_pinch, nicolae_vaults_murderbox, v_misc_5,
          nicolae_vaults_asterisk, hangedman_vaults_cutoff, v_misc_19,
          vaults_room_grid, vaults_mumra_hex, hangedman_vaults_impose,
          ontoclasm_vaults_ring_square, v_misc_12, vaults_room_ringed_pool,
          nicolae_vaults_little_squares_5, ontoclasm_vaults_chip,
          layout_vaults_maze_bifur, serial_glass, uniq_frederick
Vaults:3: v_misc_28, hangedman_vaults_stream, nicolae_vaults_network_barrier,
          v_misc_23, nicolae_vaults_stairing_the_circle,
          nicolae_vaults_halls_meeting, minmay_crypt_entry_vampire_xt,
          nicolae_vaults_yaktaur_gun_rack, vaults_room_fours,
          ontoclasm_vaults_twist, vaults_dpeg_diagonal, layout_vaults_big_room
Vaults:4: hangedman_vaults_nails, vaults_standard_mumra_x,
          vaults_room_large_hall, hangedman_vaults_nails, ontoclasm_vaults_spin,
          v_misc_27, v_rooms_2, grunt_vaults_diagonal, vaults_room_semicircle,
          layout_vaults_ring
Vaults:5
Crypt:1:  layout_basic, grunt_ministairs_1, due_unseen_surprise
Crypt:2:  layout_chaotic_city, gammafunk_ghost_grave, moated_statue, uniq_mennas
Crypt:3:  grunt_crypt_end_deaths_head, uniq_khufu
Depths:1: layout_cave_pools, enter_ziggurat_c, serial_bayou,
          serial_bayou_lake_a, serial_bayou_pond_d, serial_bayou_lagoon_a,
          serial_bayou_crossing, serial_bayou_shore_b,
          grunt_hell_entry_dis_grunt, chequers_decorated_corner,
          grunt_ministairs_11, st_stairs_7, evilmike_minifort
Depths:2: due_chaos_kobolds, layout_cave_pools, hell_entry, dk_noncrumbling_2,
          grunt_tough_drop
Depths:3: minmay_four_inscribed_fans, layout_basic, pan_entry, hell_entry,
          nicolae_lava_and_water
Depths:4: hangedman_slaughterboxes, abyss_entry, hell_entry, uniq_margery
Depths:5: evilmike_zot_entry_round, layout_cave_shapes,
          hangedman_abyss_or_decor_stabs, pf_hell_entry_tar_river
Zig:27:   ziggurat_pillar_d, ziggurat_pillar_d, ziggurat_pillar_d,
          ziggurat_pillar_d

Skill      XL: |  1  2  3  4  5  6  7  8  9 10 11 12 13 14 15 16 17 18 19 20 21 22 23 24 25 26 27 |
---------------+----------------------------------------------------------------------------------+-----
Earth Magic    | 4 5 6 7 8 9 10 11 12 13 14 15 16 17 18 19 22 | 22.0
Spellcasting   | 3 4 5 6 7 8 9 10 11 12 13 14 15 20 | 20.7
Conjurations   | 1 2 3 5 6 7 8 9 10 11 12 13 14 15 16 17 25 | 25.9
Fighting       | 1 3 4 6 7 8 9 10 11 12 13 14 15 16 17 23 | 23.2
Maces & Flails | 1 2 4 5 6 7 8 9 10 11 12 13 14 | 14.0
Armour         | 2 3 4 6 |  6.0
Dodging        | 2 3 4 5 6 7 8 9 10 11 12 13 15 | 15.0
Evocations     | 1 2 3 4 5 6 7 8 9 10 | 10.0
Fire Magic     | 3 6 8 9 11 12 13 14 15 16 17 18 19 20 22 | 22.0
Ice Magic      | 5 8 10 12 20 | 20.1
Shields        | 4 |  4.0
Transmutations | 3 |  3.9
Necromancy     | 5 |  5.8
Stealth        | |  2.1

Action                   |  1- 3 |  4- 6 |  7- 9 | 10-12 | 13-15 | 16-18 | 19-21 | 22-24 | 25-27 || total
-------------------------+-------+-------+-------+-------+-------+-------+-------+-------+-------++-------
Melee: Unarmed           |    33 |       |       |       |       |       |       |       |       ||    33
       Spear             |    98 |     4 |       |       |       |       |       |       |       ||   102
       Dagger            |       |    31 |   273 |   352 |       |       |       |       |       ||   656
       Flail             |       |       |       |    38 |       |       |       |       |       ||    38
       Mace              |       |       |       |    72 |   464 |       |       |       |       ||   536
       Bite              |       |       |       |       |    61 |    59 |    53 |    77 |   108 ||   358
       Great mace        |       |       |       |       |   263 |   610 |   418 |   635 |       ||  1926
       Demon whip        |       |       |       |       |       |       |       |    13 |   645 ||   658
Throw: Boomerang         |     6 |       |       |       |       |       |       |       |       ||     6
       Throwing net      |       |       |       |       |       |     3 |       |     2 |       ||     5
 Cast: Sandblast         |    12 |    12 |    31 |    27 |    14 |     9 |    13 |       |       ||   118
       Stone Arrow       |       |     3 |    13 |    34 |   103 |    12 |     2 |     2 |    11 ||   180
       Lee's Rapid Decon |       |       |     4 |    70 |    77 |    37 |    45 |    47 |    74 ||   354
       Irradiate         |       |       |       |       |    30 |    21 |     2 |     4 |     7 ||    64
       Fireball          |       |       |       |       |     8 |    41 |    32 |    20 |    25 ||   126
       Iron Shot         |       |       |       |       |       |   190 |   189 |   117 |   223 ||   719
       Fire Storm        |       |       |       |       |       |       |       |    28 |   125 ||   153
       Lehudib's Crystal |       |       |       |       |       |       |       |     4 |       ||     4
       Ignition          |       |       |       |       |       |       |       |    11 |    84 ||    95
       Shatter           |       |       |       |       |       |       |       |       |    64 ||    64
       Absolute Zero     |       |       |       |       |       |       |       |       |     7 ||     7
 Abil: Fly               |       |       |       |       |     1 |       |       |       |     1 ||     2
       Stop Flying       |       |       |       |       |       |       |       |       |     1 ||     1
Evoke: Wand              |       |       |     3 |       |       |     5 |     8 |    12 |     2 ||    30
       Condenser vane    |       |       |       |       |     6 |       |    14 |     5 |     3 ||    28
       Tin of tremorston |       |       |       |       |     2 |     4 |    18 |     8 |     4 ||    36
       Lightning rod     |       |       |       |       |       |       |     4 |       |       ||     4
       Box of beasts     |       |       |       |       |       |       |       |       |     1 ||     1
  Use: Scroll            |     1 |     8 |     5 |    10 |    16 |     4 |    17 |    25 |    47 ||   133
       Potion            |       |     1 |       |       |     8 |     5 |    15 |    10 |    22 ||    61
 Stab: Sleeping          |     3 |     2 |     4 |     3 |     2 |     2 |     1 |     1 |       ||    18
       Paralysed         |       |       |     5 |       |       |     1 |       |       |       ||     6
       Distracted        |       |       |       |     1 |       |     1 |       |     2 |       ||     4
       Invisible         |       |       |       |       |       |     4 |     1 |       |       ||     5
       Confused          |       |       |       |       |       |       |     1 |       |       ||     1
       Held in net/web   |       |       |       |       |       |       |     1 |       |       ||     1
Armor: Robe              |    55 |    17 |    21 |       |       |       |       |       |    22 ||   115
       Troll leather arm |       |       |   124 |   281 |   664 |   550 |   385 |   402 |   289 ||  2695
Dodge: Dodged            |    99 |    17 |   212 |   369 |   928 |   809 |   460 |   633 |   364 ||  3891
Block: Other             |       |       |       |       |   110 |   263 |   128 |   191 |       ||   692
       Reflection        |       |       |       |       |       |    37 |    12 |    15 |    62 ||   126
       Buckler           |       |       |       |       |       |       |       |    10 |   373 ||   383

Table legend: (Time is in decaauts)
 A = Elapsed time spent in this place.
 B = Non-inter-level travel time spent in this place.
 C = Inter-level travel time spent in this place.
 D = Time resting spent in this place.
 E = Time spent auto-exploring this place.
 F = Levels seen in this place.
 G = Mean time per level.
                   A        B        C        D        E       F      G
               +--------+--------+--------+--------+--------+-----+--------+
         Total |  72226 |  66385 |   5841 |  17961 |  33072 |  86 |  839.8 |
       Dungeon |  16310 |  13876 |   2434 |   2829 |   7978 |  15 | 1087.3 |
        Temple |     12 |      6 |      6 |      0 |      0 |   1 |   12.0 |
          Lair |   7129 |   6298 |    831 |   1007 |   4112 |   6 | 1188.2 |
        Shoals |   6378 |   6154 |    224 |   1798 |   2963 |   4 | 1594.5 |
   Spider Nest |   4924 |   4519 |    405 |   1166 |   2633 |   4 | 1231.0 |
    Slime Pits |   1318 |   1249 |     69 |    772 |      0 |   5 |  263.6 |
  Orcish Mines |   1735 |   1565 |    170 |    341 |    762 |   2 |  867.5 |
   Elven Halls |   5091 |   4898 |    193 |   1749 |   2190 |   3 | 1697.0 |
        Vaults |  10019 |   9180 |    839 |   2205 |   5410 |   5 | 2003.8 |
         Crypt |   4015 |   3838 |    177 |    768 |   1894 |   3 | 1338.3 |
        Depths |   9162 |   8671 |    491 |   2820 |   4360 |   5 | 1832.4 |
         Abyss |   1146 |   1146 |      0 |    329 |    189 |   4 |  286.5 |
      Ziggurat |   3278 |   3278 |      0 |   1624 |      0 |  27 |  121.4 |
      Ice Cave |   1034 |   1034 |      0 |    290 |    366 |   1 | 1034.0 |
      Gauntlet |    669 |    669 |      0 |    261 |    213 |   1 |  669.0 |
               +--------+--------+--------+--------+--------+-----+--------+

Top non-repeatable levels by time:
   Elf:3: 3079 daAuts
Depths:4: 2634 daAuts
Vaults:4: 2322 daAuts
Depths:1: 2321 daAuts
Vaults:5: 2139 daAuts
Spider:3: 2035 daAuts
    D:13: 2033 daAuts
Vaults:1: 2032 daAuts
Depths:3: 1826 daAuts
Vaults:3: 1797 daAuts
Shoals:3: 1782 daAuts
Vaults:2: 1728 daAuts
     D:4: 1725 daAuts
Shoals:4: 1725 daAuts
 Crypt:3: 1705 daAuts
